 Dungeon Crawl Stone Soup version 0.30-a0-800-g7c544603b3 (webtiles) character file.

Game seed: 17855137945760617461

275 ryw the Trooper (level 6, -1/78 HPs)
             Began as a Demonspawn Monk on Feb 23, 2023.
             Slain by a gnoll sergeant
             ... wielding a +0 trident
              (7 damage)
             ... on level 4 of the Dungeon.
             The game lasted 00:08:25 (4416 turns).

ryw the Trooper (Demonspawn Monk)                   Turns: 4416, Time: 00:08:26

Health: -1/78      AC: 23    Str: 11    XL:     6   Next: 3%
Magic:  0/6        EV:  2    Int: 13    God:
Gold:   292        SH:  5    Dex: 16    Spells: 5/5 levels left

rFire   . . .      SeeInvis .    g - +1 dagger (vamp)
rCold   . . .      Faith    .    (no shield)
rNeg    . . .      Spirit   +    (body armour currently unavailable)
rPois   +          Reflect  +    (helmet currently unavailable)
rElec   .          Harm     .    (cloak currently unavailable)
rCorr   .          Rampage  .    (gloves currently unavailable)
Will    .....      NoTele   +    (boots currently unavailable)
Stlth   ++                       k - amulet of reflection
HPRegen 0.33/turn                (no ring)
MPRegen 0.20/turn                (no ring)

@: tree-form
A: stationary, stasis, torment immunity, boosted hp, rugged brown scales 1,
magic shield, magic regeneration
a: no special abilities


You were on level 4 of the Dungeon.
You were a tree.
You visited 1 branch of the dungeon, and saw 5 of its levels.

You collected 292 gold pieces.

Inventory:

Hand Weapons
 g - a +1 vampiric dagger (weapon)
 h - a +0 morningstar of draining
Missiles
 i - 5 poisoned darts (quivered)
Armour
 a - a +0 robe (melded)
 v - a +0 helmet (melded)
Jewellery
 j - a ring of flight
 k - an amulet of reflection (around neck)
 q - an amulet of the acrobat
Wands
 n - a wand of polymorph (3)
 u - a wand of quicksilver (10)
Scrolls
 c - a scroll of blinking
 f - a scroll of teleportation
 m - 2 scrolls of brand weapon
Potions
 b - a potion of attraction {unknown}
 d - a potion of curing
 e - 2 potions of invisibility
 p - a potion of haste
 r - 2 potions of lignification
 z - 2 potions of might


   Skills:
 + Level 5.2 Fighting
 + Level 4.7 Dodging
 - Level 1.7 Stealth
 - Level 2.6 Unarmed Combat


You had 5 spell levels left.
You didn't know any spells.
Your spell library was empty.

Dungeon Overview and Level Annotations

Branches:
Dungeon (5/15)
 Temple: D:4-7

Altars:
Kikubaaqudgha
Makhleb
Nemelex Xobeh
Okawaru
Ru
Yredelemnul

Shops:
D:2 :

Annotations:
D:4 exclusion: ogre


Innate Abilities, Weirdness & Mutations

You are a tree.
Your roots penetrate the ground, keeping you stationary.
You cannot be teleported.
You are immune to unholy pain and torment.
Your maximum health is greatly increased.
Your equipment is partially melded.
(You are partially covered in rugged brown scales. (AC +1, +3% HP))
When hurt, damage is shared between your health and your magic reserves.
You regenerate magic rapidly.


Message History

The gnoll sergeant misses you. The gnoll sergeant blocks your attack.
The gnoll sergeant hits you with a +0 trident!
* * * LOW HITPOINT WARNING * * *
Really quaff the potion of lignification?
You turn into a tree.
Your +0 helmet melds into your body.
Your +0 robe melds into your body.
Your roots penetrate the ground.
The gnoll sergeant hits you but does no damage.
The gnoll sergeant blocks your attack.
The gnoll sergeant hits you with a +0 trident.
* * * LOW HITPOINT WARNING * * *
You completely miss the gnoll sergeant.
The gnoll sergeant hits you but does no damage.
You hit the gnoll sergeant.
You feel better.
The gnoll sergeant is lightly wounded.
The gnoll sergeant hits you but does no damage.
You hit the gnoll sergeant but do no damage.
The gnoll sergeant is lightly wounded.
You block the gnoll sergeant's attack.
You hit the gnoll sergeant but do no damage.
The gnoll sergeant is lightly wounded.
You block the gnoll sergeant's attack. The gnoll sergeant blocks your attack.
You punch the gnoll sergeant, but do no damage.
The gnoll sergeant is lightly wounded.
The gnoll sergeant hits you but does no damage.
The gnoll sergeant blocks your attack.
The gnoll sergeant is lightly wounded.
The gnoll sergeant hits you with a +0 trident.
* * * LOW HITPOINT WARNING * * *
You hit the gnoll sergeant but do no damage.
The gnoll sergeant is lightly wounded.
The gnoll sergeant hits you but does no damage.
The gnoll sergeant blocks your attack.
The gnoll sergeant is lightly wounded.
The gnoll sergeant hits you with a +0 trident.
You hit the gnoll sergeant but do no damage.
The gnoll sergeant is lightly wounded.
The gnoll sergeant hits you with a +0 trident!
You die...

..######..#.#..........#
...#..##...............#
......................##
.......................#
..............>....#...#
#.........##.##....#####
#..........#####...#
#..............[)###
...........##..÷♣.#
..#.........#...g##
.##..............#
###...##.....#...#
#..###...###...#
#####.).## #...# ##...#
##.## #....# ### ##...#


You could see a gnoll sergeant.

Vanquished Creatures
  A scorpion (D:4)
  A howler monkey (D:5)
  An orc priest (D:4)
  An iguana (D:5)
  Robin (D:3)
  An adder (D:2)
  3 dart slugs
  11 orcs
  8 bats
  10 endoplasms
  A giant cockroach (D:3)
  15 goblins
  4 hobgoblins
  7 kobolds
  3 quokkas
  6 ball pythons
  A frilled lizard (D:1)
  7 rats
82 creatures vanquished.

Vanquished Creatures (others)
  A goblin (D:3)
1 creature vanquished.

Grand Total: 83 creatures vanquished

Notes
Turn   | Place    | Note
-------+----------+-------------------------------------------
     0 | D:1      | ryw the Demonspawn Monk began the quest for the Orb.
     0 | D:1      | Reached XP level 1. HP: 18/18 MP: 1/1
   124 | D:1      | Gained mutation: You are partially covered in rugged brown
                  | scales. (AC +1, +3% HP) [demonic ancestry]
   124 | D:1      | Reached XP level 2. HP: 13/24 MP: 2/2
   304 | D:1      | Found a faded altar of an unknown god.
   653 | D:1      | Gained mutation: You regenerate magic rapidly. [demonic
                  | ancestry]
   653 | D:1      | Reached XP level 3. HP: 30/30 MP: 3/3
  1396 | D:2      | Found Xorpheq's Book Shoppe.
  1840 | D:3      | Reached skill level 4 in Fighting
  1950 | D:3      | Found a burning altar of Makhleb.
  2009 | D:3      | Noticed Robin
  2043 | D:2      | Reached XP level 4. HP: 31/38 MP: 4/4
  2187 | D:3      | Killed Robin
  2258 | D:3      | Found an ancient bone altar of Kikubaaqudgha.
  2313 | D:3      | Found a sacrificial altar of Ru.
  2313 | D:3      | Found a sparkling altar of Nemelex Xobeh.
  2319 | D:3      | Found a basalt altar of Yredelemnul.
  2323 | D:3      | Found an iron altar of Okawaru.
  2905 | D:4      | Noticed a scorpion
  2945 | D:4      | Killed a scorpion
  2946 | D:4      | Reached XP level 5. HP: 26/44 MP: 5/5
  3131 | D:4      | Noticed an ogre
  3941 | D:5      | Entered Level 5 of the Dungeon
  3971 | D:5      | Reached skill level 5 in Fighting
  4365 | D:5      | Gained mutation: When hurt, damage is shared between your
                  | health and your magic reserves. [demonic ancestry]
  4365 | D:5      | Reached XP level 6. HP: 52/52 MP: 6/6
  4416 | D:4      | Slain by a gnoll sergeant

Illustrated notes

Levels and vault maps discovered:
D:1:      dpeg_arrival_orchard, layout_basic,
          hellmonk_ecumenical_altar_arch_garden, kennysheep_minor_cross,
          kennysheep_decorative_pillar
D:2:      layout_loops_corners, serial_shops, shop
D:3:      layout_rooms, lemuel_crystal_altar,
          nicolae_kikubaaqudgha_miasma_corner,
          chequers_temple_overflow_minitemple, uniq_robin
D:4:      layout_cave_pools, corexii_corridor_pit, kennysheep_orc_chapel
D:5:      layout_cave_pools

Skill      XL: |  1  2  3  4  5 |
---------------+----------------+-----
Dodging        | 3 4 |  4.7
Fighting       | 4 5 |  5.2
Stealth        | |  1.7
Unarmed Combat | |  2.6

Action                     |  1- 3 |  4- 6 || total
---------------------------+-------+-------++-------
  Melee: Unarmed           |    43 |       ||    43
         Dagger            |   109 |   233 ||   342
         Hand axe          |    23 |       ||    23
         Punch             |     2 |     8 ||    10
  Throw: Dart              |       |     5 ||     5
    Use: Potion            |       |     5 ||     5
         Scroll            |       |    15 ||    15
   Stab: Sleeping          |     3 |       ||     3
         Invisible         |       |     1 ||     1
 Armour: Robe              |    39 |    30 ||    69
         Skin              |       |     5 ||     5
  Dodge: Dodged            |   124 |   118 ||   242
  Block: Other             |     3 |    48 ||    51
         Reflection        |       |     4 ||     4

Table legend: (Time is in decaauts)
 A = Elapsed time spent in this place.
 B = Non-inter-level travel time spent in this place.
 C = Inter-level travel time spent in this place.
 D = Time resting spent in this place.
 E = Time spent auto-exploring this place.
 F = Levels seen in this place.
 G = Mean time per level.
                   A        B        C        D        E       F      G
               +--------+--------+--------+--------+--------+-----+--------+
         Total |   4426 |   4297 |    129 |   1087 |   2099 |   5 |  885.2 |
       Dungeon |   4426 |   4297 |    129 |   1087 |   2099 |   5 |  885.2 |
               +--------+--------+--------+--------+--------+-----+--------+

Top non-repeatable levels by time:
     D:4: 1382 daAuts
     D:3: 1143 daAuts
     D:1: 956 daAuts
     D:2: 796 daAuts
     D:5: 147 daAuts
